 Dungeon Crawl Stone Soup version 0.24-a0-380-g7ade4d1b3c (webtiles) character file.

Game seed: 12158494309532084704

211635 Napalmbreeze the Sorcerer (level 18, -8/112 HPs)
             Began as a Deep Elf Fire Elementalist on June 3, 2019.
             Was the Champion of Vehumet.
             Hit by a silver javelin thrown by a merfolk javelineer (24 damage)
             ... on level 4 of the Shoals.
             The game lasted 03:01:34 (43684 turns).

Napalmbreeze the Sorcerer (DEFE)                   Turns: 43684, Time: 03:01:34

Health: -8/112     AC: 19    Str:  9    XL:     18   Next: 22%
Magic:  9/70       EV: 19    Int: 34    God:    Vehumet [******]
Gold:   2326       SH:  9    Dex: 15    Spells: 14/59 levels left

rFire    + . .     SeeInvis .   Z - staff of power
rCold    + . .     Gourm    .   V - +2 buckler {AC+3}
rNeg     . . .     Faith    .   L - +2 robe {MR+}
rPois    +         Spirit   .   g - +3 hat of Pondering {ponderous, MR+ MP+10 Int+5}
rElec    .         Reflect  +   p - scarf {rC+ rF+}
rCorr    .         Harm     .   D - +2 pair of gloves
MR       ++++.                  a - +1 pair of boots
Stlth    ++........             X - amulet "Vairah" {Reflect MR+ Str+4 SH+2}
HPRegen  0.28/turn              l - ring of poison resistance
MPRegen  0.42/turn              P - +4 ring of protection

@: slow
A: no striking features
}: 1/15 runes: gossamer
a: Renounce Religion


You were on level 4 of the Shoals.
You worshipped Vehumet.
Vehumet was exalted by your worship.
You were not hungry.

You visited 5 branches of the dungeon, and saw 31 of its levels.
You also visited: Ice Cave.

You collected 3537 gold pieces.
You spent 1211 gold pieces at shops.

Inventory:

Hand Weapons
 I - a +0 demon blade of freezing
Armour
 a - a +1 pair of boots (worn)
 g - the +3 hat of Pondering (worn) {ponderous, MR+ MP+10 Int+5}
   (You took it off Gastronok on level 3 of the Lair of Beasts)

   It affects your intelligence (+5).
   It affects your resistance to hostile enchantments.
   It affects your magic capacity (+10).
 p - a scarf of resistance (worn)
 t - the +0 pair of gloves of Riuk {rElec rF+++ Regen+ Str-4}
   (You bought it in a shop on level 2 of the Orcish Mines)

   It affects your strength (-4).
   It renders you almost immune to fire.
   It insulates you from electricity.
   It increases your rate of regeneration.
 D - a +2 pair of gloves (worn)
 L - a +2 robe of magic resistance (worn)
 V - a +2 buckler of protection (worn)
Magical Staves
 Z - an uncursed staff of power (weapon)
Jewellery
 d - an uncursed ring of resist corrosion
 l - a ring of poison resistance (left hand)
 y - an uncursed ring of protection from cold
 M - an uncursed ring of see invisible
 O - an uncursed ring of positive energy
 P - a +4 ring of protection (right hand)
 X - the amulet "Vairah" (around neck) {Reflect MR+ Str+4 SH+2}
   (You found it on level 2 of the Lair of Beasts)

   [amulet of reflection]

   It shields you and reflects attacks.
   It affects your strength (+4).
   It affects your resistance to hostile enchantments.
   It affects your SH (+2).
Wands
 m - a wand of paralysis (10)
 x - a wand of enslavement (10)
 C - a wand of acid (37)
 G - a wand of iceblast (33)
 S - a wand of digging (9)
 T - a wand of polymorph (44)
 W - a wand of disintegration (15)
Scrolls
 b - 6 scrolls of remove curse
 f - 12 scrolls of teleportation
 j - 4 scrolls of silence
 o - 9 scrolls of identify
 r - 5 scrolls of fear
 u - a scroll of amnesia
 v - 4 scrolls of fog
 E - 2 scrolls of holy word
 F - a scroll of enchant armour
 Q - 8 scrolls of magic mapping
Potions
 e - a potion of cancellation
 h - 4 potions of haste
 n - 2 potions of ambrosia
 s - 2 potions of curing
 w - 7 potions of agility
 A - a potion of magic
 B - 3 potions of flight
 H - 2 potions of brilliance
Miscellaneous
 q - a sack of spiders
 R - a lamp of fire
Comestibles
 c - 46 rations


   Skills:
 - Level 12.0 Fighting
 - Level 10.0 Dodging
 - Level 2.4 Stealth
 - Level 4.1 Shields
 + Level 21.1 Spellcasting
 + Level 13.6 Conjurations
 - Level 10.0 Summonings
 - Level 10.0 Necromancy
 - Level 10.0 Fire Magic
 - Level 10.0 Earth Magic
 + Level 11.4 Evocations


You had 14 spell levels left.
You knew the following spells:

 Your Spells              Type           Power        Failure   Level  Hunger
a - Iron Shot             Conj/Erth      #######...   1%          6    None
c - Borgnjor's Vile Clut  Necr/Erth      #######...   1%          5    None
d - Conjure Flame         Conj/Fire      #######.     0%          3    None
e - Fireball              Conj/Fire      #######...   1%          5    None
f - Sticky Flame          Conj/Fire      #######.     1%          4    None
q - Spellforged Servitor  Conj/Summ      #######...   1%          7    None
r - Orb of Destruction    Conj           #######...   1%          7    None
s - Throw Flame           Conj/Fire      ######       0%          2    None
t - Bolt of Fire          Conj/Fire      #######...   1%          6    None

Your spell library contained the following spells:

 Spells                   Type           Power        Failure   Level  Hunger
 Lehudib's Crystal Spear  Conj/Erth      #######...   12%         8    ####...
 Shatter                  Erth           #######...   96%         9    #####..
 Glaciate                 Conj/Ice       ######....   100%        9    #####..
 Flame Tongue             Conj/Fire      #####        0%          1    None
 Magic Dart               Conj           ####         0%          1    None
 Searing Ray              Conj           ######       0%          2    None
 Beastly Appendage        Tmut           #####.       1%          1    None
 Confusing Touch          Hex            #####.       1%          1    None
 Corona                   Hex            #####..      1%          1    None
 Sting                    Conj/Pois      ####         1%          1    None
 Blink                    Tloc           N/A          1%          2    None
 Call Imp                 Summ           #######.     1%          2    None
 Ensorcelled Hibernation  Hex/Ice        #####.       1%          2    None
 Poisonous Vapours        Pois/Air       #####.       1%          2    None
 Slow                     Hex            #####...     1%          2    None
 Sticks to Snakes         Tmut           #####...     1%          2    None
 Dazzling Spray           Conj/Hex       ######       1%          3    None
 Inner Flame              Hex/Fire       ######..     1%          3    None
 Mephitic Cloud           Conj/Pois/Air  ######..     1%          3    None
 Recall                   Summ/Tloc      N/A          1%          3    None
 Animate Dead             Necr           N/A          1%          4    None
 Force Lance              Conj/Tloc      ######..     1%          4    None
 Fulminant Prism          Conj/Hex       ######....   1%          4    None
 Iskenderun's Mystic Bla  Conj           #######.     1%          4    None
 Petrify                  Tmut/Erth      ######..     1%          4    None
 Bolt of Magma            Conj/Fire/Erth #######...   1%          5    None
 Iskenderun's Battlesphe  Conj/Chrm      ######..     1%          5    None
 Venom Bolt               Conj/Pois      ######....   1%          5    None
 Confuse                  Hex            #####...     2%          3    None
 Gell's Gravitas          Tloc           #####.....   2%          3    None
 Spider Form              Tmut/Pois      #####.....   2%          3    None
 Tukima's Dance           Hex            #####...     2%          3    None
 Olgreb's Toxic Radiance  Pois           #####...     2%          4    None
 Death Channel            Necr           #######...   2%          6    None
 Yara's Violent Unravell  Hex/Tmut       #####.....   7%          5    None
 Ice Form                 Ice/Tmut       #####...     9%          4    None
 Simulacrum               Ice/Necr       ######....   17%         6    None
 Blade Hands              Tmut           #####.....   24%         5    None
 Metabolic Englaciation   Hex/Ice        #####.....   24%         5    None


Dungeon Overview and Level Annotations

Branches:
Dungeon (15/15)            Temple (0/1) D:6            Lair (6/6) D:11
 Shoals (4/4) Lair:2       Spider (4/4) Lair:3        Slime (0/5) Lair:6
    Orc (2/2) D:11            Elf (0/3) Orc:2        Vaults (0/5) D:14
 Depths (0/5) D:15

Altars:
Ashenzari
Cheibriados
Dithmenos
Fedhas
Gozag
Makhleb
Nemelex Xobeh
Okawaru
Ru
Uskayaw
Vehumet
Xom
The Shining One
Beogh

Shops:
D:5 [   D:7 [   D:10 =   Orc:2 [((:

Annotations:
Orc:1 3 runed translucent doors, firegrace's ghost, journeyman MiBe


Message History

A merfolk aquamancer comes into view. It is wielding a +0 rapier.
A merfolk javelineer comes into view. It is wielding a +1 spear of freezing.
A sea snake comes into view.
A merfolk comes into view. It is wielding a +0 trident.
A merfolk aquamancer comes into view. It is wielding a +2 rapier of venom.
A merfolk comes into view.
It is wielding a +0 trident and wearing a +2 leather armour of fire resistance.
A manticore comes into view.
Found a +0 leather armour.
A harpy comes into view.
Okay, then.
Unknown command.
As you read the scroll of fog, it crumbles to dust.
The scroll dissolves into smoke.
The merfolk shouts! x2; The sea snake hisses angrily.
The merfolk throws a boomerang.
You reflect the boomerang off an invisible shield around you!
The boomerang hits the merfolk!!
The weapon returns to the merfolk!
The merfolk javelineer throws a silver javelin.
The silver javelin pierces through you!!
You die...

≈≈≈≈≈≈≈ ≈
≈≈≈≈≈≈≈
≈≈≈≈≈≈≈≈≈≈≈H....
≈ ≈≈≈≈≈≈≈
≈≈≈≈≈≈≈≈........
. ≈≈≈≈≈≈≈
≈≈≈≈≈≈≈.........
. ≈≈≈≈≈≈≈
≈≈≈≈≈≈≈..#...^..
. ≈≈≈≈≈≈≈
≈≈≈≈≈≈.....P....
. ≈≈≈≈≈≈≈
........P.PS....
. ≈≈≈≈≈≈≈
.......§§...m...
≈ .≈≈≈≈≈≈
......§@§§§...m.
# .≈≈≈≈≈≈
......§§§§§...m.
≈ .≈≈≈≈≈≈
......§§§.§...P.
m .(≈≈≈≈≈
...........PP≈.P
m m.≈≈≈≈≈
.....≈≈≈..Pm≈≈P.
# ..m≈≈≈≈
≈...##H##≈m≈≈≈PP
≈ )....≈≈ ≈≈≈#
≈≈ #≈≈≈≈≈≈ P
)....≈ ≈≈≈ ≈≈≈
≈≈≈≈≈≈ m..)m§


You could see a merfolk javelineer, a sea snake, a merfolk aquamancer, a merfolk
and a manticore.

Vanquished Creatures
  Mara (Spider:4)
  Rupert (D:15)
  An Ice Fiend (IceCv)
  Gastronok (Lair:3)
  A kraken (Shoals:2)
  Agnes (Spider:1)
  A frost giant (Shoals:3)
  An orc warlord (Orc:2)
  5 ghost moths
  3 emperor scorpions (Spider:4)
  3 entropy weavers
  3 dire elephants
  A minotaur (D:11)
  2 spark wasps (Spider:4)
  3 merfolk impalers
  Harold (D:7)
  3 merfolk javelineers
  9 hydras
  An ice dragon (Lair:6)
  Fannar (Orc:1)
  The ghost of motoroller71 the Nimble, a journeyman GnGl of Okawaru (D:11)
  Erica (D:9)
  3 merfolk avatars
  2 catoblepae
  5 centaur warriors
  An alligator snapping turtle (Shoals:3)
  A merfolk aquamancer (Shoals:2)
  2 dancing weapons (D:14)
  2 two-headed ogres (D:13)
  A queen ant (Spider:2)
  A satyr (Shoals:4)
  Urug (D:11)
  An orc high priest (Orc:1)
  9 death yaks
  6 skeletal warriors
  A fire crab (Lair:6)
  An unseen horror (D:10)
  9 sea snakes
  3 lindwurms (Lair:6)
  8 harpies
  A deep elf mage (D:15)
  A harpy (shapeshifter) (D:15)
  15 wolf spiders
  18 orb spiders
  9 manticores
  7 fauns
  4 oklob plants (Lair:5)
  2 moths of wrath
  9 cyclopes
  2 orc sorcerers (Orc:1)
  19 ugly things
  8 elephants (Lair:6)
  4 black mambas
  2 ice statues
  6 merfolk sirens
  4 water nymphs
  2 gargoyles
  6 torpor snails
  2 efreet (D:13)
  17 spiny frogs
  A rime drake (Shoals:4)
  4 komodo dragons
  4 ice devils (IceCv)
  A kobold demonologist (D:14)
  5 anaconda simulacra (IceCv)
  2 golden dragon simulacra (IceCv)
  2 freezing wraiths (IceCv)
  8 demonic crawlers
  11 trolls
  15 merfolk
  A wolf spider simulacrum (D:15)
  27 jumping spiders
  Prince Ribbit (D:6)
  3 tyrant leeches (Lair:6)
  15 hornets
  7 wind drakes
  8 slime creatures
  18 blink frogs
  14 dream sheep
  8 snapping turtles
  11 hippogriffs
  A meliai zombie (D:14)
  58 redbacks
  Sigmund (D:4)
  2 shadows
  19 tarantellas
  A wraith (D:15)
  2 dire elephant simulacra (IceCv)
  A water elemental (Shoals:2)
  31 yaks
  A wyvern (D:11)
  2 basilisks
  A death yak simulacrum (IceCv)
  3 steam dragons (Shoals:4)
  2 hungry ghosts
  14 vampire mosquitoes
  5 wargs (Orc:2)
  2 iron troll simulacra (IceCv)
  28 soldier ants
  11 water moccasins
  10 porcupines
  3 hydra simulacra (IceCv)
  25 orc warriors
  3 ice beasts
  2 black bears
  3 sky beasts
  An alligator simulacrum (IceCv)
  11 ogres
  3 eyes of draining
  An ettin simulacrum (IceCv)
  7 phantoms
  18 centaurs
  12 wolves
  9 crocodiles
  Blork the orc (D:6)
  5 big kobolds
  24 bullfrogs
  6 scorpions
  A swamp dragon simulacrum (IceCv)
  18 killer bees
  3 electric eels
  3 howler monkeys
  7 crimson imps
  3 centaur zombies
  A quasit (D:9)
  4 draconian simulacra (IceCv)
  21 orc priests
  A bullfrog zombie (D:7)
  12 jellies
  A gnoll shaman (D:4)
  10 hounds
  2 bullfrog skeletons
  Jessica (D:3)
  4 iguanas
  31 worker ants
  Natasha (thrice) (D:3)
  5 troll simulacra (IceCv)
  23 orc wizards
  A polar bear simulacrum (IceCv)
  2 spriggan simulacra (IceCv)
  A killer bee zombie (D:10)
  A wolf simulacrum (IceCv)
  3 centaur simulacra (IceCv)
  A worker ant zombie (D:14)
  4 gnolls (D:4)
  11 adders
  4 howler monkey skeletons
  A naga simulacrum (IceCv)
  2 river rats (D:5)
  A shadow imp (D:13)
  5 white imps (IceCv)
  5 ufetubi (IceCv)
  10 oozes
  An adder zombie (D:8)
  4 worms
  4 leopard geckos
  118 orcs
  10 giant cockroaches
  11 goblins
  4 hobgoblins
  7 jackals
  11 quokkas
  7 bats
  4 frilled lizards
  27 kobolds
  A leopard gecko skeleton (D:4)
  A quokka zombie (D:5)
  10 rats
  4 fungi
  14 plants
1179 creatures vanquished.

Vanquished Creatures (collateral kills)
  A titan (Shoals:3)
  An entropy weaver (Spider:4)
  A merfolk impaler (Shoals:2)
  A merfolk avatar (Shoals:2)
  3 harpies (Shoals:2)
  3 orb spiders
  8 wolf spiders
  A manticore (Shoals:1)
  A rime drake (Shoals:4)
  3 merfolk
  2 jumping spiders (Spider:3)
  A troll (Orc:2)
  2 wind drakes (Shoals:2)
  2 hornets (Spider:4)
  2 dream sheep (Shoals:3)
  A snapping turtle (Shoals:3)
  6 redbacks (Spider:4)
  3 tarantellas
  A steam dragon (Shoals:4)
  A warg (Orc:2)
  4 orc warriors (Orc:2)
  2 ogres (Orc:2)
  2 orcs (Orc:2)
52 creatures vanquished.

Vanquished Creatures (others)
  A centaur warrior (D:14)
  A faun (Shoals:1)
  A merfolk (Shoals:4)
  A water moccasin (Lair:6)
  2 wolves (Lair:6)
  2 centaurs (D:14)
  3 white imps (IceCv)
  2 ufetubi (IceCv)
  A bush (Lair:5)
  35 fungi
  31 plants
  4 tentacles (Shoals:2)
  5 toadstools (D:6)
89 creatures vanquished.

Grand Total: 1320 creatures vanquished

Notes
Turn   | Place    | Note
-------+----------+-------------------------------------------
     0 | D:1      | Napalmbreeze the Deep Elf Fire Elementalist began the quest
                  | for the Orb.
     0 | D:1      | Reached XP level 1. HP: 10/10 MP: 6/6
   558 | D:1      | Reached XP level 2. HP: 15/15 MP: 4/8
   566 | D:1      | Learned a level 2 spell: Throw Flame
  1060 | D:1      | Reached skill level 4 in Spellcasting
  1368 | D:2      | Noticed an ogre
  1482 | D:2      | Reached XP level 3. HP: 19/19 MP: 7/10
  1487 | D:2      | Learned a level 3 spell: Conjure Flame
  2412 | D:2      | Reached XP level 4. HP: 24/24 MP: 4/12
  2653 | D:2      | Killed an ogre
  2653 | D:2      | Reached skill level 5 in Spellcasting
  2653 | D:2      | Reached XP level 5. HP: 28/28 MP: 3/15
  2756 | D:3      | Learned a level 4 spell: Sticky Flame
  2762 | D:3      | Learned a level 5 spell: Fireball
  2975 | D:3      | Noticed Jessica
  2996 | D:3      | Killed Jessica
  3310 | D:3      | Found a blossoming altar of Fedhas.
  3363 | D:3      | You fall into a shaft and drop 1 floor!
  3420 | D:3      | Reached XP level 6. HP: 32/32 MP: 13/16
  3674 | D:3      | Found a radiant altar of Vehumet.
  3737 | D:3      | Noticed Natasha
  3739 | D:3      | Killed Natasha
  3956 | D:3      | Found a blossoming altar of Fedhas.
  3980 | D:3      | Found a radiant altar of Vehumet.
  4215 | D:3      | Noticed Natasha
  4217 | D:3      | Killed Natasha
  4709 | D:3      | Noticed Natasha
  4714 | D:3      | Killed Natasha
  4714 | D:3      | Reached skill level 5 in Fire Magic
  4715 | D:3      | Found a blossoming altar of Fedhas.
  4820 | D:3      | Found a radiant altar of Vehumet.
  4826 | D:3      | Became a worshipper of Vehumet
  4923 | D:4      | Noticed Sigmund
  4933 | D:4      | Killed Sigmund
  4933 | D:4      | Reached skill level 5 in Conjurations
  5210 | D:4      | Reached XP level 7. HP: 36/36 MP: 12/17
  5897 | D:5      | Entered Level 5 of the Dungeon
  5969 | D:5      | Found a sparkling altar of Nemelex Xobeh.
  6303 | D:5      | Reached skill level 1 in Fighting
  6303 | D:5      | Reached skill level 6 in Spellcasting
  6547 | D:5      | Found Mooboluo's Antique Armour Emporium.
  6561 | D:5      | Found a glowing drain.
  6613 | D:5      | Bought a pair of glowing gloves for 180 gold pieces
  6770 | D:5      | Found a hide-covered altar of Uskayaw.
  6854 | D:5      | Reached XP level 8. HP: 40/44 MP: 13/19
  6927 | D:6      | Found a snail-covered altar of Cheibriados.
  6945 | D:6      | Reached * piety under Vehumet
  6945 | D:6      | Offered knowledge of Shock by Vehumet.
  7125 | D:6      | Reached skill level 7 in Spellcasting
  7425 | D:6      | Found a staircase to the Ecumenical Temple.
  7476 | D:6      | Noticed a slime creature
  7476 | D:6      | Noticed a slime creature
  7477 | D:6      | Reached skill level 5 in Dodging
  7546 | D:6      | Killed a slime creature
  7842 | D:6      | Noticed Blork the orc
  7847 | D:6      | Killed Blork the orc
  7847 | D:6      | Reached skill level 8 in Spellcasting
  8241 | D:6      | Reached XP level 9. HP: 52/52 MP: 4/23
  8433 | D:6      | Reached ** piety under Vehumet
  8433 | D:6      | Offered knowledge of Searing Ray by Vehumet.
  8477 | D:6      | Found an iron altar of Okawaru.
  8510 | D:6      | Noticed Prince Ribbit
  8551 | D:7      | Learned a level 2 spell: Searing Ray
  8642 | D:6      | Killed Prince Ribbit
  8642 | D:6      | Reached skill level 9 in Spellcasting
  9049 | D:7      | Noticed Harold
  9126 | D:7      | Killed Harold
  9126 | D:7      | Reached skill level 10 in Spellcasting
  9476 | D:7      | Reached skill level 11 in Spellcasting
  9533 | D:7      | Reached XP level 10. HP: 56/56 MP: 15/27
  9615 | D:7      | Found Qudygu's Armour Boutique.
  9680 | D:7      | Offered knowledge of Throw Frost by Vehumet.
  9903 | D:7      | Found a shattered altar of Ashenzari.
  9995 | D:7      | Reached *** piety under Vehumet
 10312 | D:8      | Found a glowing silver altar of Zin.
 10314 | D:8      | Found a shimmering altar of Xom.
 10314 | D:8      | Found a burning altar of Makhleb.
 10316 | D:8      | Found an opulent altar of Gozag.
 10316 | D:8      | Found a snail-covered altar of Cheibriados.
 10316 | D:8      | Found a shadowy altar of Dithmenos.
 10368 | D:8      | Offered knowledge of Force Lance by Vehumet.
 10790 | D:8      | Found a roughly hewn altar of Beogh.
 10954 | D:8      | Reached **** piety under Vehumet
 10992 | D:8      | Reached skill level 12 in Spellcasting
 11400 | D:9      | Found an opulent altar of Gozag.
 11485 | D:9      | Noticed Erica
 11495 | D:9      | Killed Erica
 11495 | D:9      | Reached skill level 5 in Fighting
 11686 | D:9      | Reached skill level 10 in Conjurations
 11864 | D:9      | Offered knowledge of Fulminant Prism by Vehumet.
 12052 | D:9      | Found a sacrificial altar of Ru.
 12513 | D:9      | Reached XP level 11. HP: 58/64 MP: 16/29
 12651 | D:10     | Entered Level 10 of the Dungeon
 12754 | D:10     | Found Zauxke's Jewellery Boutique.
 12905 | D:10     | Reached skill level 13 in Spellcasting
 13215 | D:10     | Reached skill level 1 in Shields
 13505 | D:10     | Noticed an unseen horror
 13509 | D:10     | Killed an unseen horror
 13509 | D:10     | Reached skill level 1 in Evocations
 13585 | D:10     | Noticed a centaur warrior
 13590 | D:10     | Killed a centaur warrior
 13932 | D:11     | Found a runed translucent gate.
 13932 | D:11     | Found a runed translucent gate.
 13932 | D:11     | Found a runed translucent gate.
 14092 | D:11     | Found a staircase to the Lair.
 14138 | D:11     | Found a staircase to the Orcish Mines.
 14240 | D:11     | Noticed a white ugly thing
 14245 | D:11     | Killed a white ugly thing
 14411 | D:11     | Noticed Urug
 14457 | D:11     | Noticed motoroller71's ghost (journeyman GnGl)
 14459 | D:11     | Noticed a minotaur
 14839 | Lair:1   | Entered Level 1 of the Lair of Beasts
 14905 | Lair:1   | Reached skill level 5 in Evocations
 16052 | Lair:2   | Reached ***** piety under Vehumet
 16057 | Lair:2   | Offered knowledge of Olgreb's Toxic Radiance by Vehumet.
 16057 | Lair:2   | Reached XP level 12. HP: 71/71 MP: 10/31
 16685 | Lair:2   | Found a staircase to the Shoals.
 16751 | Lair:2   | Got a steaming tin amulet
 16764 | Lair:1   | Identified the amulet "Vairah" {Reflect MR+ Str+4 SH+2}
                  | (You found it on level 2 of the Lair of Beasts)
 17150 | Lair:2   | Reached skill level 14 in Spellcasting
 17514 | Lair:3   | Noticed a catoblepas
 17523 | Lair:3   | Killed a catoblepas
 17914 | Lair:3   | Noticed Gastronok
 18096 | Lair:3   | Found a hole to the Spider Nest.
 18243 | Lair:3   | Killed Gastronok
 18564 | Lair:4   | Learned a level 5 spell: Borgnjor's Vile Clutch
 18788 | Lair:4   | Noticed a five-headed hydra
 19098 | Lair:4   | Reached skill level 1 in Necromancy
 19098 | Lair:4   | Reached skill level 1 in Earth Magic
 19153 | Lair:4   | Killed a five-headed hydra
 19224 | Lair:5   | Noticed a death yak
 19608 | Lair:5   | Reached XP level 13. HP: 78/78 MP: 33/33
 19983 | Lair:5   | Reached skill level 10 in Dodging
 20045 | Lair:5   | Reached skill level 5 in Necromancy
 20098 | Lair:5   | Reached skill level 5 in Earth Magic
 20759 | Lair:6   | Entered Level 6 of the Lair of Beasts
 21298 | Lair:6   | Found a runed translucent door.
 22220 | Lair:6   | Reached skill level 10 in Fire Magic
 22220 | Lair:6   | Reached XP level 14. HP: 61/84 MP: 29/34
 22221 | Lair:6   | Offered knowledge of Iron Shot by Vehumet.
 22740 | Lair:6   | Learned a level 6 spell: Iron Shot
 22753 | Lair:6   | Found a staircase to the Slime Pits.
 23421 | Lair:6   | Reached skill level 10 in Necromancy
 23942 | Lair:6   | Got a dazzling rapier
 23944 | Lair:6   | Identified the cursed +0 rapier of Eternal Vigilance
                  | {flame, *Corrode +Inv Dex+8 SInv} (You found it on level 6
                  | of the Lair of Beasts)
 24254 | D:11     | Killed Urug
 24315 | D:11     | Killed motoroller71's ghost
 24978 | D:12     | Reached skill level 10 in Fighting
 25307 | D:12     | Offered knowledge of Lightning Bolt by Vehumet.
 27027 | D:14     | Reached XP level 15. HP: 92/92 MP: 22/35
 27112 | D:14     | Found a gate to the Vaults.
 27185 | D:14     | Reached skill level 10 in Earth Magic
 27718 | D:14     | Found a glowing golden altar of the Shining One.
 27928 | D:15     | Entered Level 15 of the Dungeon
 28204 | D:15     | Offered knowledge of Bolt of Cold by Vehumet.
 28213 | D:15     | Reached skill level 15 in Spellcasting
 28584 | D:15     | Noticed Rupert
 28589 | D:15     | Killed Rupert
 28830 | D:15     | Found a staircase to the Depths.
 29563 | Orc:1    | Entered Level 1 of the Orcish Mines
 29571 | Orc:1    | Learned a level 6 spell: Bolt of Cold
 29728 | Orc:2    | Entered Level 2 of the Orcish Mines
 29956 | Orc:1    | Noticed Fannar
 29962 | Orc:1    | Killed Fannar
 30125 | Orc:1    | Found a runed translucent gate.
 30125 | Orc:1    | Found a runed translucent gate.
 30125 | Orc:1    | Found a runed translucent gate.
 30138 | Orc:1    | Noticed firegrace's ghost (journeyman MiBe)
 30239 | Orc:1    | Reached skill level 10 in Evocations
 30724 | Orc:2    | Found a roughly hewn altar of Beogh.
 30883 | Orc:2    | Reached ****** piety under Vehumet
 31262 | Orc:2    | Offered knowledge of Bolt of Fire by Vehumet.
 31358 | Orc:2    | Learned a level 6 spell: Bolt of Fire
 31475 | Orc:2    | Found a staircase to the Elven Halls.
 31620 | Orc:2    | Found a roughly hewn altar of Beogh.
 31628 | Orc:2    | Found Gexuicos's Antique Weapon Shoppe.
 31809 | Orc:2    | Found a roughly hewn altar of Beogh.
 31812 | Orc:2    | Found Orujill's Book Shop.
 31817 | Orc:2    | Bought a book of Power for 675 gold pieces
 31826 | Orc:2    | Learned a level 7 spell: Spellforged Servitor
 32129 | Orc:2    | Noticed an orc warlord
 32136 | Orc:2    | Reached skill level 1 in Summonings
 32138 | Orc:2    | Killed an orc warlord
 32138 | Orc:2    | Reached skill level 16 in Spellcasting
 32283 | Orc:2    | Found Todetz's Antique Weapon Emporium.
 32284 | Orc:2    | Found a roughly hewn altar of Beogh.
 32287 | Orc:2    | Found Aveczoby's Antique Armour Shoppe.
 32305 | Orc:2    | Bought a pair of brightly glowing gloves for 199 gold
                  | pieces
 32305 | Orc:2    | Bought a shiny buckler for 157 gold pieces
 32315 | Orc:2    | Identified the cursed +0 pair of gloves of Riuk {rElec
                  | rF+++ Regen+ Str-4} (You bought it in a shop on level 2 of
                  | the Orcish Mines)
 32491 | Spider:1 | Entered Level 1 of the Spider Nest
 32647 | Spider:1 | Found a frozen archway.
 32683 | IceCv    | Entered an ice cave
 32703 | IceCv    | Offered knowledge of Conjure Ball Lightning by Vehumet.
 33138 | IceCv    | Reached XP level 16. HP: 100/100 MP: 38/38
 33445 | IceCv    | Noticed an Ice Fiend
 33453 | IceCv    | Killed an Ice Fiend
 33800 | Spider:1 | Reached skill level 17 in Spellcasting
 33984 | Spider:1 | Noticed Agnes
 34090 | Spider:1 | Killed Agnes
 34107 | Spider:1 | Offered knowledge of Ozocubu's Refrigeration by Vehumet.
 34422 | Spider:1 | Reached skill level 5 in Summonings
 35048 | Spider:2 | Learned a level 7 spell: Orb of Destruction
 35439 | Spider:2 | Reached skill level 18 in Spellcasting
 36524 | Spider:3 | Offered knowledge of Lehudib's Crystal Spear by Vehumet.
 36524 | Spider:3 | Offered knowledge of Glaciate by Vehumet.
 36524 | Spider:3 | Offered knowledge of Shatter by Vehumet.
 36618 | Spider:3 | Reached skill level 19 in Spellcasting
 37152 | Spider:4 | Entered Level 4 of the Spider Nest
 37257 | Spider:4 | Noticed Mara
 37286 | Spider:4 | Noticed Napalmbreeze's illusion
 37287 | Spider:4 | Killed Mara
 37543 | Spider:4 | Reached XP level 17. HP: 75/104 MP: 3/42
 37934 | Spider:4 | Reached skill level 20 in Spellcasting
 38664 | Spider:4 | Reached skill level 10 in Summonings
 39305 | Spider:4 | Got a gossamer rune of Zot
 40289 | Shoals:1 | Entered Level 1 of the Shoals
 41807 | Shoals:2 | Got a pair of encrusted gloves
 41808 | Shoals:2 | Identified the +0 pair of gloves "Ahitusor" {*Drain MP+9
                  | Dex+6 Stlth+} (You found it on level 2 of the Shoals)
 42013 | Shoals:2 | Noticed a kraken
 42021 | Shoals:2 | Killed a kraken
 42830 | Shoals:3 | Noticed a titan
 42973 | Shoals:3 | Reached XP level 18. HP: 112/112 MP: 42/44
 43218 | Shoals:4 | Entered Level 4 of the Shoals
 43450 | Shoals:4 | Reached skill level 21 in Spellcasting
 43679 | Shoals:4 | HP: 4/112 [wind drake/the air (10)]
 43684 | Shoals:4 | Hit by a silver javelin thrown by a merfolk javelineer

Levels and vault maps discovered:
D:1:      dpeg_cavernosity, layout_basic, moated_statue, minmay_misc_feat_alley
D:2:      layout_loops_ring, serial_glass, glass_columns_b, glass_columns_a
D:3:      layout_loops_corners, lemuel_doored_altar, fedhas_altar_3,
          uniq_natasha, uniq_jessica
D:4:      minmay_diamond_boxcup, layout_loops_corners, first_ration,
          uniq_sigmund
D:5:      layout_basic, lemuel_round_altar, nicolae_overflow_crystal_walls,
          serial_shops, nicolae_shop_waterfront, portal_sewer_entry_a
D:6:      cheibrodos_fertilizer, layout_basic, lemuel_crystal_altar,
          okawaru_trees_1, demons_altar, minmay_temple_entry_trees,
          uniq_prince_ribbit1, uniq_blork_the_orc
D:7:      layout_basic, cheibrodos_ashenzari_chains, serial_shops, shop,
          uniq_harold
D:8:      layout_cave_pools, doesnt_xom_only_xom, special_room
          [special_room_orc], hangedman_pestilent_swarm
D:9:      wad_woods_tower, layout_basic, nicolae_ru_sacrificial_ziggurat,
          nicolae_gozag_seed_capital, minmay_misc_feat_four_crosses,
          minmay_stone_trees_medium, uniq_erica
D:10:     layout_roguey, serial_shops, shop
D:11:     layout_irregular_city, dpeg_oklobed_lair, orc_0_dummy,
          maelrawn_ghost_gauntlet_escape, minmay_holes, uniq_urug
D:12:     layout_roguey
D:13:     layout_big_octagon
D:14:     layout_basic, erik_vaults_1, tso_metal_star
D:15:     hangedman_depths_entry_try_elsewhere_first, layout_irregular_city,
          nicolae_twisting_strands, grunt_ministairs_6, uniq_rupert
Lair:1:   layout_misc_corridors, beast_lair_carwin_3
Lair:2:   layout_cave_pods, minmay_shoals_entry_centaurs
Lair:3:   layout_loops_ring, nicolae_spider_entry_non_spiders, uniq_gastronok
Lair:4:   layout_big_grid
Lair:5:   layout_regular_city, lemuel_fruit_tree, minmay_lair_oklob_chamber
Lair:6:   hangedman_lair_in_review, layout_loops_ring, wormcave,
          nicolae_slime_entry_slimehenge
Shoals:1: layout_shoals
Shoals:2: layout_shoals, nicolae_shoals_flooded_hall
Shoals:3: layout_shoals, st_sunken_temple
Shoals:4: shoals_end_simple, layout_shoals, shoal_ilsuiw,
          nicolae_shoals_drake_roost
Spider:1: layout_chambers, portal_ice_cave_entry_ice_statue_one, uniq_agnes
Spider:2: layout_spider_delve, minivault_29
Spider:3: layout_spider_delve, drop_trap, nicolae_spider_stair_cavern
Spider:4: spider_rune_water, uniq_mara
Orc:1:    layout_caves, gammafunk_ghost_necromancy, uniq_fannar
Orc:2:    grunt_orc_community_town_hall, layout_caves,
          grunt_orc_community_big_house_2, grunt_orc_community_big_house_2,
          grunt_orc_community_house_1, grunt_orc_community_house_3,
          grunt_orc_community_house_3, grunt_orc_community_house_2,
          grunt_orc_community_house_2, grunt_orc_community_house_3

Skill      XL: |  1  2  3  4  5  6  7  8  9 10 11 12 13 14 15 16 17 18 |
---------------+-------------------------------------------------------+-----
Spellcasting   | 4 5 6 8 11 12 13 14 16 19 20 21 | 21.1
Conjurations   | 2 4 5 6 7 9 10 12 13 | 13.6
Fire Magic     | 4 5 6 8 10 | 10.0
Dodging        | 3 5 8 10 | 10.0
Fighting       | 1 4 5 6 8 10 11 12 | 12.0
Shields        | 4 |  4.1
Evocations     | 6 8 10 11 | 11.4
Necromancy     | 3 9 10 | 10.0
Earth Magic    | 3 6 9 10 | 10.0
Summonings     | 2 8 10 | 10.0
Stealth        | |  2.4

Action                   |  1- 3 |  4- 6 |  7- 9 | 10-12 | 13-15 | 16-18 || total
-------------------------+-------+-------+-------+-------+-------+-------++-------
Melee: Mace              |     1 |     1 |    66 |     4 |       |       ||    72
       Staff             |       |       |    53 |       |     8 |     7 ||    68
       Short sword       |       |       |       |    35 |     5 |       ||    40
       Dagger            |       |       |       |       |    15 |       ||    15
 Cast: Flame Tongue      |    61 |    58 |   165 |   267 |   120 |       ||   671
       Throw Flame       |    19 |    11 |    56 |   103 |   300 |   136 ||   625
       Conjure Flame     |     2 |     3 |    10 |    24 |     5 |     2 ||    46
       Sticky Flame      |       |     2 |    16 |    70 |    62 |    20 ||   170
       Fireball          |       |     1 |    11 |    88 |    86 |    33 ||   219
       Searing Ray       |       |       |     2 |    10 |       |       ||    12
       Borgnjor's Vile C |       |       |       |     2 |    87 |    44 ||   133
       Iron Shot         |       |       |       |       |   192 |   255 ||   447
       Bolt of Fire      |       |       |       |       |    16 |   101 ||   117
       Bolt of Cold      |       |       |       |       |     5 |       ||     5
       Spellforged Servi |       |       |       |       |     1 |    15 ||    16
       Orb of Destructio |       |       |       |       |       |    16 ||    16
Evoke: Wand              |       |       |       |     9 |    16 |    50 ||    75
       Lamp of fire      |       |       |       |     1 |     1 |     2 ||     4
  Use: Scroll            |       |       |       |    22 |    11 |    17 ||    50
       Potion            |       |       |       |     7 |       |    10 ||    17
 Stab: Distracted        |       |       |       |       |     1 |       ||     1
  Eat: Chunk             |     4 |     6 |    12 |    26 |    46 |    21 ||   115
       Ration            |       |     1 |     2 |     3 |     4 |     4 ||    14
Armor: Robe              |       |     1 |    39 |    58 |    52 |    93 ||   243
Dodge: Dodged            |    11 |     8 |   119 |   126 |   126 |   172 ||   562
Block: Buckler           |       |       |       |    21 |    78 |    82 ||   181
       Reflection        |       |       |       |       |     9 |     9 ||    18

Table legend:
 A = Non-vault XP
 B = Vault XP
 C = Vault XP percentage of total XP
 D = Non-vault monster count
 E = Vault monster count
 F = Vault count percentage of total count
                 A         B        C        D         E       F
            +---------+---------+-------+---------+---------+-------
      Total |  188973 |  120116 |  38.9 |     799 |     419 |  34.4
            +---------+---------+-------+---------+---------+-------
        D:1 |      28 |       6 |  17.6 |      15 |       4 |  21.1
        D:2 |     185 |       0 |   0.0 |      23 |       0 |   0.0
        D:3 |     173 |      72 |  29.4 |      30 |       2 |   6.2
        D:4 |     160 |     245 |  60.5 |       9 |       6 |  40.0
        D:5 |     533 |      33 |   5.8 |      11 |       7 |  38.9
        D:6 |    1340 |     948 |  41.4 |      24 |      17 |  41.5
        D:7 |    1593 |    1053 |  39.8 |      34 |       2 |   5.6
        D:8 |     675 |     960 |  58.7 |      11 |      27 |  71.1
        D:9 |    1195 |    1958 |  62.1 |      15 |       7 |  31.8
       D:10 |    3519 |       0 |   0.0 |      31 |       0 |   0.0
       D:11 |    3103 |    3258 |  51.2 |      27 |       5 |  15.6
       D:12 |    7879 |       0 |   0.0 |      45 |       0 |   0.0
       D:13 |    5770 |       0 |   0.0 |      39 |       0 |   0.0
       D:14 |   10494 |    1808 |  14.7 |      36 |       2 |   5.3
       D:15 |   11452 |   10421 |  47.6 |      26 |      12 |  31.6
     Lair:1 |    1887 |    1185 |  38.6 |      13 |       5 |  27.8
     Lair:2 |    4743 |     455 |   8.8 |      20 |       4 |  16.7
     Lair:3 |    3410 |    2531 |  42.6 |      16 |       9 |  36.0
     Lair:4 |    4429 |       0 |   0.0 |      11 |       0 |   0.0
     Lair:5 |   11665 |    2425 |  17.2 |      31 |       6 |  16.2
     Lair:6 |   14529 |   19279 |  57.0 |      38 |      45 |  54.2
   Shoals:1 |   10701 |       0 |   0.0 |      24 |       0 |   0.0
   Shoals:2 |   16599 |    5856 |  26.1 |      29 |      12 |  29.3
   Shoals:3 |    5368 |    7553 |  58.5 |      13 |       9 |  40.9
   Shoals:4 |   10038 |    4813 |  32.4 |      19 |      15 |  44.1
   Spider:1 |   15735 |    2577 |  14.1 |      47 |       2 |   4.1
   Spider:2 |    8089 |    8168 |  50.2 |      23 |      45 |  66.2
   Spider:3 |   11474 |       0 |   0.0 |      34 |       0 |   0.0
   Spider:4 |   16783 |   28202 |  62.7 |      43 |      47 |  52.2
      Orc:1 |    3419 |     971 |  22.1 |      24 |       1 |   4.0
      Orc:2 |    2005 |    4979 |  71.3 |      38 |      75 |  66.4
      IceCv |       0 |   10360 | 100.0 |       0 |      53 | 100.0
            +---------+---------+-------+---------+---------+-------
